AoeStats
← moisesmendez336

Arabia

510195673Analyzed
3v3 RM · 2d ago on Sep 29, 2026· 50m 45s· 6 players
Game mode
Random Map
Map size
Normal (6 player)
Population
200
Speed
Normal
Resources
Standard
Victory
Conquest
Starting age
Dark Age
Ending age
Imperial Age
RankedLock teamsTeams togetherTeam positionsShared explorationLock speedFull tech treeHidden civsTurbo modeCheats
Victory
Defeat
🇨🇴 Vikings · Colombia
955
+14
🇨🇴 Teutons · Colombia
856
+18
🇨🇴 Persians · Colombia
814
+21
🇺🇸 Persians · United States
972
-55
🇺🇸 Cumans · United States
926
-18
🇨🇴 Khmer · Colombia
837
-15
Sheikh_III
8:02 Loom
10:16 Feudal Age
13:50 Fletching
13:47 Double-Bit Axe
17:13 Padded Archer Armor
28:43 Castle Age
31:30 Bow Saw
31:10 Crossbowman
33:55 Scale Mail Armor
34:00 Bodkin Arrow
36:02 Chain Mail Armor
39:38 Squires
39:24 Arson
41:56 Leather Archer Armor
45:41 Imperial Age
43:54 Horse Collar
45:37 Chieftains
47:10 Bracer
47:34 Heavy Plow
47:16 Arbalester
Dariaz
11:14 Feudal Age
11:33 Loom
12:48 Double-Bit Axe
15:48 Wheelbarrow
16:24 Horse Collar
22:53 Bloodlines
28:47 Castle Age
29:10 Scale Barding Armor
29:16 Forging
31:25 Gold Mining
31:26 Stone Mining
33:03 Gold Shaft Mining
32:50 Hand Cart
32:21 Town Watch
32:29 Pikeman
32:54 Gambesons
33:10 Squires
38:05 Heavy Plow
42:38 Chain Barding Armor
42:53 Iron Casting
44:51 Imperial Age
44:49 Cavalier
45:30 Husbandry
aapdl89
10:08 Feudal Age
10:36 Double-Bit Axe
22:00 Castle Age
19:49 Town Watch
19:50 Loom
20:13 Padded Archer Armor
23:11 Bow Saw
22:58 Elite Skirmisher
22:59 Crossbowman
23:32 Fletching
24:57 Leather Archer Armor
27:23 Wheelbarrow
30:42 Town Patrol
34:33 Hand Cart
41:54 Imperial Age
42:34 Cavalier
43:25 Bloodlines
48:03 Chemistry
50:41 Paladin
rojasfelix253
0:29 Loom
10:52 Feudal Age
18:05 Man-at-Arms
25:11 Castle Age
24:45 Wheelbarrow
27:44 Scale Barding Armor
28:54 Fletching
36:02 Padded Archer Armor
35:57 Bodkin Arrow
jgmolina20
10:06 Feudal Age
16:20 Bloodlines
26:35 Castle Age
24:26 Loom
24:37 Man-at-Arms
25:08 Horse Collar
26:08 Double-Bit Axe
27:36 Husbandry
27:54 Light Cavalry
31:53 Wheelbarrow
35:40 Hand Cart
41:53 Imperial Age
41:00 Gold Mining
43:32 Tusk Swords
43:05 Capped Ram
43:21 Crossbowman
45:10 Forging
44:51 Fletching
moisesmendez336
2:37 Loom
12:37 Feudal Age
16:41 Horse Collar
16:51 Double-Bit Axe
17:03 Stone Mining
17:03 Gold Mining
42:09 Wheelbarrow
Connection lost

Rejoining the realm…

Still unreachable

The connection could not be restored.

Session expired

The server has moved on; the page needs a fresh start.